 Dungeon Crawl Stone Soup version 0.30.0-29-ga12c61a403 (webtiles) character file.

Game seed: 1837093480923056246

280 cdecastro the Protected (level 6, -2/66 HPs)
             Began as a Gnoll Wanderer on June 24, 2023.
             Slain by a gnoll
             ... wielding a +0 halberd
             ... led by a gnoll bouda
              (4 damage)
             ... on level 6 of the Dungeon.
             The game lasted 00:06:20 (2783 turns).

cdecastro the Protected (Gnoll Wanderer)            Turns: 2783, Time: 00:06:21

Health: -2/66      AC: 23    Str: 10    XL:     6   Next: 27%
Magic:  9/9        EV:  2    Int: 12    God:
Gold:   137        SH:  0    Dex: 14    Spells: 9/9 levels left

rFire   . . .        a - +0 mace
rCold   . . .        (no shield)
rNeg    . . .        b - melded +0 chain mail
rPois   +            (helmet currently unavailable)
rElec   .            (cloak currently unavailable)
rCorr   .            (gloves currently unavailable)
SInv    +            (boots currently unavailable)
Will    +....        (no amulet)
Stlth   ++           s - ring of willpower
HPRegen 0.31/turn    h - ring of see invisible
MPRegen 0.11/turn

%: no passive effects
@: tree-form
A: stationary, stasis, torment immunity, boosted hp, (fangs 1), strong nose,
distributed training
a: no special abilities


You were on level 6 of the Dungeon.
You were a tree.
You visited 1 branch of the dungeon, and saw 5 of its levels.

You collected 137 gold pieces.

Inventory:

Hand Weapons
 a - a +0 mace (weapon)
Missiles
 u - 6 boomerangs (quivered)
 y - 3 poisoned darts
Armour
 b - a +0 chain mail (melded)
Jewellery
 h - a ring of see invisible (right branch)
 k - a ring of positive energy
 s - a ring of willpower (left branch)
Wands
 r - a wand of polymorph (7)
Scrolls
 c - 2 scrolls of fog
 e - 2 scrolls of poison {unknown}
 f - 4 scrolls of identify {unknown}
 g - a scroll of teleportation {unknown}
 l - a scroll of enchant weapon {unknown}
 o - 2 scrolls of noise {unknown}
 v - a scroll of immolation {unknown}
 w - a scroll of blinking {unknown}
 x - a scroll of silence {unknown}
Potions
 d - a potion of lignification
 i - a potion of mutation {unknown}
 j - 2 potions of heal wounds {unknown}
 m - a potion of ambrosia {unknown}
 n - a potion of flight {unknown}
 p - 2 potions of might {unknown}
 q - a potion of attraction {unknown}
 t - a potion of cancellation {unknown}


   Skills:
 + Level 2.0 Fighting
 + Level 2.0 Short Blades
 + Level 2.0 Long Blades
 + Level 2.0 Axes
 + Level 6.8 Maces & Flails
 + Level 2.0 Polearms
 + Level 2.0 Staves
 + Level 2.0 Ranged Weapons
 + Level 2.0 Throwing
 + Level 10.6 Armour
 + Level 2.0 Dodging
 + Level 3.1 Stealth
 + Level 2.0 Shields
 + Level 2.0 Unarmed Combat
 + Level 2.0 Spellcasting
 + Level 1.5 Conjurations
 + Level 1.5 Hexes
 + Level 1.5 Summonings
 + Level 1.5 Necromancy
 + Level 1.5 Translocations
 + Level 1.5 Transmutations
 + Level 1.5 Fire Magic
 + Level 1.5 Ice Magic
 + Level 1.5 Air Magic
 + Level 1.5 Earth Magic
 + Level 1.5 Poison Magic
 + Level 3.4 Invocations
 + Level 2.0 Evocations


You had 9 spell levels left.
You didn't know any spells.
Your spell library contained the following spells:

 Spells                   Type           Power      Damage    Failure   Level
 Ozocubu's Armour         Ice            4%         N/A       41%         3
 Metabolic Englaciation   Hex/Ice        2%         N/A       99%         5
 Simulacrum               Ice/Necr       2%         N/A       100%        6


Dungeon Overview and Level Annotations

Branches:
Dungeon (7/15)
 Temple: D:4-7

Altars:
Ru

Shops:
D:3 [   D:7 (

Annotations:
D:6 Edmund


Innate Abilities, Weirdness & Mutations

You are a tree.
Your roots penetrate the ground, keeping you stationary.
You cannot be teleported.
You are immune to unholy pain and torment.
Your maximum health is greatly increased.
Your equipment is partially melded.
((You have very sharp teeth.))
Your uncanny sense of smell can sniff out nearby items.
Your experience applies equally to all skills.


Message History

You closely miss Edmund.
Edmund is lightly wounded.
The gnoll hits you but does no damage.
Edmund hits you with a +6 flail of protection.
* * * LOW HITPOINT WARNING * * *
You closely miss Edmund.
Edmund is lightly wounded.
The gnoll completely misses you.
Edmund says, "People think my brother is the best.
I think he's crazy."
Edmund barely misses you.
Unknown command.
You hit Edmund but do no damage.
Edmund is lightly wounded.
The gnoll hits you but does no damage. Edmund hits you but does no damage.
Unknown command.
You hit Edmund but do no damage.
Edmund is lightly wounded.
The gnoll hits you but does no damage. Edmund hits you but does no damage.
Unknown command.
Press: ? - help, v - describe, . - travel
Here: Edmund, wielding a +6 flail of protection and wearing a +0 chain mail (lightly wounded)
The floor.
Unknown command.
You hit Edmund.
Edmund is lightly wounded.
The gnoll hits you but does no damage.
Edmund asks, "Have you met my wondrous brother?"
Edmund hits you with a +6 flail of protection.
* * * LOW HITPOINT WARNING * * *
Unknown command.
You barely miss Edmund.
Edmund is lightly wounded.
The gnoll hits you but does no damage.
Edmund hits you with a +6 flail of protection!
* * * LOW HITPOINT WARNING * * *
Unknown command.
You hit Edmund but do no damage.
Edmund is lightly wounded.
The gnoll hits you from afar with a +0 halberd.
You die...

#.# ∆ #.# #.# #.#
∆# #.# #.###.# #
#.....# #.####.♣#
.......@#
####...g# #....#
#....#
#....########
#####......g.@..#
#......)..#####.#
.
...#...........#.#
##.#


You could see Edmund and a gnoll.

Vanquished Creatures
  An orc priest (D:3)
  A hound (D:7)
  Natasha (twice) (D:2)
  2 orc wizards (D:3)
  5 adders
  2 worms (D:2)
  2 dart slugs
  5 orcs (D:3)
  6 bats
  5 endoplasms
  3 goblins
  6 hobgoblins
  10 kobolds
  8 ball pythons
  4 frilled lizards
  5 rats
67 creatures vanquished.

Notes
Turn   | Place    | Note
-------+----------+-------------------------------------------
     0 | D:1      | Reached skill level 10 in Armour
     0 | D:1      | cdecastro the Gnoll Wanderer began the quest for the Orb.
     0 | D:1      | cdecastro set off with the following items: a +0 mace, a +0
                  | chain mail, a scroll of fog, a potion of lignification.
     0 | D:1      | Reached XP level 1. HP: 13/13 MP: 2/2
   171 | D:1      | Reached XP level 2. HP: 19/19 MP: 3/3
   588 | D:1      | Reached XP level 3. HP: 18/25 MP: 4/4
  1030 | D:2      | Reached skill level 1 in Fighting
  1030 | D:2      | Reached skill level 1 in Short Blades
  1030 | D:2      | Reached skill level 1 in Long Blades
  1030 | D:2      | Reached skill level 1 in Axes
  1030 | D:2      | Reached skill level 1 in Polearms
  1030 | D:2      | Reached skill level 1 in Staves
  1030 | D:2      | Reached skill level 1 in Ranged Weapons
  1030 | D:2      | Reached skill level 1 in Throwing
  1030 | D:2      | Reached skill level 1 in Dodging
  1030 | D:2      | Reached skill level 1 in Shields
  1030 | D:2      | Reached skill level 1 in Unarmed Combat
  1030 | D:2      | Reached skill level 1 in Spellcasting
  1030 | D:2      | Reached skill level 1 in Evocations
  1219 | D:2      | Noticed Natasha
  1238 | D:2      | Killed Natasha
  1239 | D:2      | Reached XP level 4. HP: 22/32 MP: 6/6
  1357 | D:2      | Reached skill level 1 in Conjurations
  1357 | D:2      | Reached skill level 1 in Hexes
  1357 | D:2      | Reached skill level 1 in Summonings
  1357 | D:2      | Reached skill level 1 in Necromancy
  1357 | D:2      | Reached skill level 1 in Translocations
  1357 | D:2      | Reached skill level 1 in Transmutations
  1357 | D:2      | Reached skill level 1 in Fire Magic
  1357 | D:2      | Reached skill level 1 in Ice Magic
  1357 | D:2      | Reached skill level 1 in Air Magic
  1357 | D:2      | Reached skill level 1 in Earth Magic
  1357 | D:2      | Reached skill level 1 in Poison Magic
  1452 | D:2      | Noticed Natasha
  1462 | D:2      | Killed Natasha
  1463 | D:2      | Reached XP level 5. HP: 34/37 MP: 7/7
  2038 | D:3      | Reached XP level 6. HP: 44/44 MP: 8/8
  2043 | D:3      | Found Himink's Armour Shoppe.
  2168 | D:3      | Found a sacrificial altar of Ru.
  2677 | D:3      | You fall into a shaft and drop 3 floors!
  2702 | D:6      | Noticed Edmund
  2727 | D:7      | Found Kacvo's Weapon Boutique.
  2782 | D:6      | HP: 2/66 [Edmund/+6 flail of protection (7)]
  2783 | D:6      | Slain by a gnoll

Illustrated notes

Levels and vault maps discovered:
D:1:      ebering_trefoil_twist, layout_basic
D:2:      layout_rooms, minmay_cupped, uniq_natasha
D:3:      layout_basic, nicolae_overflow_hidden_temple, minitemple,
          serial_shops, shop, st_stairs_5
D:6:      layout_loops_ring, chequers_serial_rivers_large_b,
          nicolae_concentric_dashed_squares_mild, hangedman_decor_push,
          uniq_edmund
D:7:      layout_cave_pods, nicolae_wu_jian_immortal_techniques,
          minmay_temple_entry_drinking_statues, serial_shops,
          nicolae_shop_bloodbath_and_beyond, gammafunk_ghost_abyssal_escape

Skill      XL: |  1  2  3  4  5  6 |
---------------+-------------------+-----
Armour         | | 10.6
Fighting       | 1 2 |  2.0
Short Blades   | 1 2 |  2.0
Long Blades    | 1 2 |  2.0
Axes           | 1 2 |  2.0
Polearms       | 1 2 |  2.0
Staves         | 1 2 |  2.0
Ranged Weapons | 1 2 |  2.0
Throwing       | 1 2 |  2.0
Dodging        | 1 2 |  2.0
Shields        | 1 2 |  2.0
Unarmed Combat | 1 2 |  2.0
Spellcasting   | 1 2 |  2.0
Evocations     | 1 2 |  2.0
Conjurations   | 1 |  1.5
Hexes          | 1 |  1.5
Summonings     | 1 |  1.5
Necromancy     | 1 |  1.5
Translocations | 1 |  1.5
Transmutations | 1 |  1.5
Fire Magic     | 1 |  1.5
Ice Magic      | 1 |  1.5
Air Magic      | 1 |  1.5
Earth Magic    | 1 |  1.5
Poison Magic   | 1 |  1.5
Invocations    | 3 |  3.4
Stealth        | 3 |  3.1
Maces & Flails | |  6.8

Action                     |  1- 3 |  4- 6 || total
---------------------------+-------+-------++-------
  Melee: Mace              |   156 |   175 ||   331
         Bite              |    12 |     7 ||    19
         Punch             |     1 |     3 ||     4
    Use: Potion            |       |     1 ||     1
 Armour: Chain mail        |   127 |    95 ||   222
         Skin              |       |    30 ||    30
  Dodge: Dodged            |    61 |    54 ||   115
